Map: Prion Terraces

Players

Sacrilege - Winner!

  • Race: Zerg Zerg
  • League: Master

eXoBLaZeR

  • Race: Terran Terran
  • League: Master

VOD

Have the link to the VOD?

Description

Time

  • Played on: March 8, 2016, 10:25 p.m.
  • Length: 13:03
Show
View Real Time Build Order
Export as new Build Order

Sacrilege Zerg - Winner!

Build Orders: Hatch First, Muta Ling Bane 

Get SALT Encoding   

  12  0:02  Drone  
  13  0:13  Overlord  
  13  0:18  Drone  
  14  0:32  Drone x2  
  16  0:36  Drone  
  17  0:55  Hatchery  
  16  1:08  Extractor  
  16  1:10  Drone, Extractor  
  15  1:17  Spawning Pool  
  14  1:19  Drone  
  14  1:24  Drone  
  16  1:27  Drone  
  17  1:33  Drone  
  18  1:47  Overlord  
  18  2:06  Queen  
  18  2:07  Queen  
  22  2:11  Metabolic Boost  
  22  2:19  Zergling x2  
  22  2:20  Drone  
  24  2:25  Drone  
  24  2:26  Drone  
  26  2:34  Drone x2  
  28  2:39  Drone x2  
  30  2:46  Queen  
  32  2:52  Drone x2  
  32  2:54  Pneumatized Carapace  
  34  3:07  Overlord  
  34  3:21  Drone x2  
  36  3:36  Drone x7  
  43  3:57  Hatchery  
  43  3:58  Lair  
  43  3:59  Baneling Nest, Extractor  
  40  4:07  Drone x4  
  40  4:09  Overlord  
  44  4:10  Overlord  
  44  4:26  Overlord  
  44  4:32  Zergling x2, Extractor  
  44  4:33  Zergling x18  
  53  4:40  Extractor  
  53  4:41  Evolution Chamber  
  53  4:42  Evolution Chamber  
  53  4:45  Zergling x2  
  51  4:46  Zergling x2  
  52  4:56  Overlord  
  52  5:02  Zergling x2  
  52  5:03  Drone x6  
  58  5:10  Spire  
  58  5:13  Centrifical Hooks  
  57  5:18  Overseer  
  57  5:20  Drone x4  
  59  5:38  Drone x5  
  64  5:49  Zerg Ground Armor Level 1, Zerg Melee Weapons Level 1  
  64  5:51  Drone x6  
  64  5:52  Drone x3  
  64  5:53  Extractor  
  64  5:55  Extractor  
  71  6:02  Overlord  
  71  6:06  Overlord  
  71  6:07  Drone  
  71  6:08  Drone  
  71  6:10  Zergling x2  
  74  6:24  Hatchery  
  73  6:25  Overlord  
  73  6:31  Mutalisk  
  73  6:32  Mutalisk x3  
  75  6:35  Mutalisk  
  83  6:40  Zergling x2  
  83  6:41  Zergling x12  
  90  6:57  Zerg Flyer Weapons Level 1  
  90  7:02  Overlord x2  
  90  7:21  Mutalisk  
  90  7:22  Mutalisk x3  
  96  7:26  Mutalisk  
  96  7:27  Zergling x2  
  96  7:28  Zergling x16  
  98  7:31  Baneling  
  98  7:32  Baneling x3  
  96  7:39  Mutalisk  
  91  7:55  Mutalisk  
  91  7:57  Zergling x2  
  91  7:58  Zergling x12  
  85  8:03  Mutalisk  
  81  8:06  Zergling x2  
  82  8:13  Mutalisk  
  84  8:26  Mutalisk  
  86  8:32  Drone x2  
  88  8:44  Mutalisk  
  88  8:45  Mutalisk  
  88  8:46  Drone  
  88  8:47  Drone x7  
  98  8:50  Extractor x2  
  96  8:56  Hatchery x2  
  96  9:02  Baneling x9  
  94  9:05  Overlord x6  
  94  9:10  Overlord  
  94  9:12  Overlord  
  94  9:19  Baneling x7  
  94  9:26  Zergling x2  
  94  9:27  Zergling x20  
  96  9:47  Mutalisk  
  96  9:48  Mutalisk x2  
  102  9:54  Zergling x12  
  108  10:00  Zergling x2  
  108  10:01  Zergling x4  
  108  10:02  Baneling  
  108  10:03  Baneling x6  
  111  10:13  Mutalisk  
  111  10:22  Mutalisk  
  111  10:23  Zergling x2, Extractor  
  111  10:24  Zergling x16  
  121  10:28  Baneling  
  121  10:29  Baneling x3  
  121  10:37  Infestation Pit  
  120  10:47  Zergling x14  
  120  10:48  Zergling x2  
  120  10:49  Baneling  
  128  10:50  Baneling x10  
  128  11:00  Drone x2  
  130  11:05  Zergling x2  
  130  11:06  Zergling x14  
  138  11:14  Hatchery  
  137  11:21  Zergling x6  
  137  11:22  Zergling x14  
  147  11:32  Zergling x24  
  159  11:37  Overlord  
  159  11:39  Hive  
  159  11:43  Mutalisk x2  
  161  11:52  Drone x3  
  161  11:53  Drone x2  
  166  12:00  Overseer  
  166  12:01  Overseer  
  166  12:05  Baneling x4  
  166  12:06  Baneling x6  
  166  12:07  Baneling  
  166  12:08  Baneling x5  
  127  12:32  Zergling x22  
  127  12:33  Zergling x12  
  135  12:39  Zergling x2  
  135  12:40  Zergling x10  
  134  12:58  Hatchery  
Show
View Real Time Build Order
Export as new Build Order

eXoBLaZeR Terran 

Build Orders: Reaper Expand, MMM Bio 

Get SALT Encoding   

  12  0:01  SCV  
  13  0:13  SCV  
  14  0:17  Supply Depot  
  14  0:25  SCV  
  15  0:39  SCV  
  15  0:42  Barracks  
  16  0:45  Refinery  
  16  0:51  SCV  
  17  1:03  SCV  
  18  1:15  SCV  
  19  1:28  Orbital Command  
  19  1:30  Reaper  
  20  1:41  Command Center  
  20  1:50  Supply Depot  
  20  1:54  SCV  
  21  2:01  Marine  
  22  2:08  Factory  
  22  2:12  SCV  
  23  2:24  SCV  
  23  2:26  Barracks Reactor  
  24  2:36  SCV  
  25  2:43  Supply Depot  
  25  2:54  Orbital Command  
  25  2:55  Bunker  
  25  2:57  SCV  
  26  3:09  Hellion x2  
  30  3:18  Refinery, Barracks Tech Lab  
  30  3:22  SCV  
  30  3:26  Supply Depot  
  31  3:31  Hellion x2  
  35  3:38  Starport  
  35  3:40  SCV  
  35  3:42  SCV  
  35  3:43  Refinery  
  36  3:49  Marine  
  36  3:53  SCV  
  36  3:54  SCV, Supply Depot  
  39  4:04  Hellion x2  
  39  4:05  SCV  
  39  4:06  SCV  
  39  4:07  Marine  
  46  4:11  Stimpack  
  46  4:14  Engineering Bay  
  47  4:17  SCV  
  47  4:18  SCV  
  47  4:22  Medivac  
  50  4:25  Hellion x2  
  50  4:28  Supply Depot  
  50  4:29  SCV  
  50  4:30  Marine  
  56  4:39  Barracks  
  56  4:43  Barracks  
  56  4:44  SCV x2  
  58  4:54  Viking  
  58  4:59  SCV x2  
  62  5:01  Terran Infantry Weapons Level 1  
  62  5:03  Supply Depot  
  54  5:07  Armory  
  54  5:11  Hellion x2  
  58  5:16  Marine  
  58  5:17  SCV  
  58  5:18  SCV  
  61  5:36  Barracks Reactor x2  
  61  5:40  Marine  
  61  5:41  Hellion x2, SCV  
  61  5:42  SCV  
  68  5:46  Starport Reactor  
  68  5:47  Command Center  
  68  5:58  Marine  
  68  6:02  Hellion x2  
  68  6:03  Supply Depot  
  73  6:05  Terran Vehicle Weapons Level 1  
  73  6:06  Supply Depot  
  73  6:13  Marine x4  
  73  6:15  Marine  
  78  6:21  Combat Shields  
  78  6:23  Barracks  
  78  6:24  Hellion x2, Medivac x2  
  86  6:31  Marine  
  87  6:36  Marine x4  
  91  6:54  Barracks  
  91  6:55  Terran Infantry Weapons Level 2, Barracks  
  91  7:01  Marine x5  
  91  7:03  Hellion x2  
  91  7:05  Orbital Command  
  98  7:14  Supply Depot  
  98  7:16  Supply Depot  
  92  7:24  Marine x2  
  92  7:25  Marine x2  
  92  7:26  Barracks Reactor  
  92  7:27  Hellion  
  92  7:30  Medivac  
  94  7:38  Marine  
  94  7:42  Marine x2  
  97  7:49  Marine x2  
  99  7:56  Marine  
  80  8:02  Marine  
  80  8:03  Marine x2  
  79  8:06  Marine  
  79  8:07  Marine x2  
  79  8:11  Hellion  
  78  8:14  Marine  
  76  8:20  Marine x3  
  63  8:30  Marine x3  
  63  8:31  Marine, Barracks Reactor x2  
  66  8:38  Marine x2  
  66  8:41  Orbital Command  
  66  8:47  Marine  
  66  8:48  Hellion, Marine x3  
  67  8:49  Marine  
  67  8:52  Hellion  
  73  9:12  Marine x7  
  73  9:16  Hellion  
  80  9:23  Hellion  
  75  9:27  Missile Turret  
  75  9:30  Missile Turret  
  71  9:33  Marine x2  
  46  9:46  Marine x5  
  46  9:48  Hellion  
  46  9:50  Marine  
  46  9:54  Medivac x2  
  46  9:59  Marine  
  51  10:04  Marine x3  
  50  10:14  Marine x2  
  50  10:15  Marine x4  
  50  10:16  Marine  
  50  10:17  Hellion  
  59  10:22  Marine x2  
  61  10:29  Medivac x2  
  61  10:30  Marine  
  61  10:32  Marine x2  
  68  10:40  Marine x2  
  68  10:41  Marine x2  
  72  10:46  Barracks Reactor  
  72  10:47  Orbital Command, Marine x2  
  72  10:48  Marine  
  75  10:50  Marine  
  75  10:53  Marine  
  81  10:58  Marine x3, Widow Mine x2  
  81  10:59  Marine  
  85  11:04  Marine  
  85  11:05  Medivac x2  
  82  11:23  Missile Turret x2  
  82  11:24  Marine x2  
  82  11:25  Marine x6  
  86  11:27  Missile Turret  
  86  11:30  Widow Mine x2  
  93  11:34  SCV  
  93  11:35  SCV  
  96  11:40  SCV  
  96  11:44  Marine x3  
  96  11:46  SCV  
  96  12:18  Marine  
  96  12:19  Marine x2  
  70  12:23  Marine x2  
  70  12:25  Hellion  
  70  12:27  Marine  
  70  12:28  Marine x5  
  65  12:36  Marine x2  
  61  12:41  Marine  
  61  12:42  Marine x2  
Tags
 
Add a new tag
Caveats
  • Supply blocks, unpowered buildings, or Contaminate may cause inaccurate times.
  • Supply counts are checked every 10 seconds.